 Dungeon Crawl Stone Soup version 0.17.1-3-g152610e (webtiles) character file.

19208 Heskey the Fighter (level 12, 0/105 HPs)
             Began as a Demonspawn Fighter on Mar 23, 2016.
             Was a High Priest of Makhleb.
             Slain by a 13-headed hydra (3 damage)
             ... on level 14 of the Dungeon.
             The game lasted 00:28:40 (12403 turns).

Heskey the Fighter (Demonspawn Fighter)            Turns: 12403, Time: 00:28:40

Health: 0/105      AC: 19    Str: 20    XL:     12   Next: 34%
Magic:  0/19       EV:  5    Int: 14    God:    Makhleb [*****.]
Gold:   516        SH: 10    Dex: 12    Spells: 0 memorised, 11 levels left

rFire  . . .     SeeInvis .     o - +2 war axe (vamp)
rCold  . . .     Rnd*Rage +     x - +0 plate armour
rNeg   . . .     SustAt   .     c - +0 shield
rPois  .         Gourm    .     (helmet unavailable)
rElec  .         Spirit   +     u - +0 cloak
rCorr  .         Warding  .     q - +0 pair of gloves
rMut   .         Stasis   .     I - +1 pair of boots
MR     .....                    (no amulet)
Stlth  ..........               (no ring)
                                b - ring of magical power

@: not resistant to hostile enchantments, extremely unstealthy
A: claws 2, hooves 1, horns 3, berserk 1, clever 1, low mp 1, powered by death
2, magic shield
a: Minor Destruction, Lesser Servant of Makhleb, Major Destruction, Greater
Servant of Makhleb, Renounce Religion


You were on level 14 of the Dungeon.
You worshipped Makhleb.
Makhleb was extremely pleased with you.
You were very hungry.

You visited 3 branches of the dungeon, and saw 16 of its levels.
You also visited: Bailey.

You collected 831 gold pieces.
You spent 315 gold pieces at shops.

Inventory:

Hand Weapons
 o - a +2 vampiric war axe (weapon)
 r - a +3 halberd
Missiles
 K - 4 javelins of penetration (quivered)
 U - 72 tomahawks of returning
Armour
 c - a +0 shield (worn)
 q - a +0 pair of gloves (worn)
 u - a +0 cloak (worn)
 x - a +0 plate armour (worn)
 I - a +1 pair of boots (worn)
Rods
 p - a +1 rod of inaccuracy (11/11)
   (You found it on level 2 of the Dungeon)
Jewellery
 b - a ring of magical power (left hand)
 v - a +3 ring of intelligence
 P - an uncursed ring of magical power
 R - an uncursed ring of magical power
Wands
 l - a wand of fireball (7)
 B - a wand of enslavement (0)
 C - a wand of paralysis (14)
 D - a wand of cold (10)
 J - a wand of confusion (39)
 O - a wand of enslavement (12)
Scrolls
 g - 7 scrolls of remove curse
 i - 8 scrolls of identify
 k - 5 scrolls of noise
 w - a scroll of recharging {unknown}
 y - a scroll of fear {unknown}
 z - 2 scrolls of magic mapping {unknown}
 A - 4 scrolls of enchant armour {unknown}
 G - 2 scrolls of amnesia {unknown}
 N - 2 scrolls of immolation {unknown}
Potions
 a - 2 potions of beneficial mutation
 f - a potion of resistance
 m - 4 potions of lignification
 n - 2 potions of poison
 t - a potion of brilliance
 H - 4 potions of magic {unknown}
 Q - a potion of haste
Books
 d - a Young Poisoner's Handbook

   Spells                             Type                      Level
   a - Sting                          Conjuration/Poison           1
   b - Cure Poison                    Poison                       2
   c - Mephitic Cloud                 Conjuration/Poison/Air       3
   d - Olgreb's Toxic Radiance        Poison                       4
   e - Venom Bolt                     Conjuration/Poison           5
 s - a book of Geomancy

   Spells                             Type                      Level
   a - Sandblast                      Earth                        1
   b - Stoneskin                      Transmutation/Earth          2
   c - Passwall                       Transmutation/Earth          3
   d - Stone Arrow                    Conjuration/Earth            3
   e - Petrify                        Transmutation/Earth          4
   f - Lee's Rapid Deconstruction     Earth                        5
Comestibles
 e - 10 bread rations
 h - 4 meat rations
 E - a slice of pizza
 F - 2 beef jerkies
 L - 13 fruits


   Skills:
 * Level 13.0 Fighting
 * Level 10.3 Axes
 + Level 9.1 Armour
 - Level 6.9 Shields


You had 11 spell levels left.
You didn't know any spells.

Dungeon Overview and Level Annotations

Branches:
Dungeon (14/15)            Temple (1/1) D:5            Lair (1/8) D:8
    Orc (0/4) D:10         Vaults (0/5) D:14

Altars:
Ashenzari
Dithmenos
Elyvilon
Fedhas
Makhleb
Qazlal
Sif Muna
Trog
Vehumet
Xom
The Shining One

Shops:
D:5 (   D:7 ?   D:10 =   D:12 :

Annotations:
D:11 Shufflesack's ghost, journeyman DEWz
D:13 exclusion: ice statue


Innate Abilities, Weirdness & Mutations

You have very sharp fingernails.
You have large cloven feet.
You have a pair of large horns on your head.
You regenerate health from kills.
When hurt, damage is shared between your health and your magic reserves.
You tend to lose your temper in combat.
Your mind is acute. (Int +2)
Your magical capacity is low (-10% MP).


Message History

Okay, then.
Read which item? (? for menu, Esc to quit)
Okay, then.
Drink which item? (? for menu, Esc to quit)
You feel better.
The 13-headed hydra bites you but does no damage.
The 13-headed hydra bites you.
* * * LOW HITPOINT WARNING * * *
The 13-headed hydra bites you but does no damage. x2
The 13-headed hydra bites you.
* * * LOW HITPOINT WARNING * * *
The 13-headed hydra bites you.
* * * LOW HITPOINT WARNING * * *
The 13-headed hydra barely misses you. You block the 13-headed hydra's attack.
You block the 13-headed hydra's attack. x2
The 13-headed hydra bites you but does no damage. x3
Char dumped successfully.
Unknown command.
A demon appears!
You feel slightly more hungry. The 13-headed hydra bites you.
You die...

.##.# ##.## ### .##.#
#.# .##.# #.# .##.#
##'## ###.# ##...## .
..###.....## ### #
####>......## ##.##
#.........####...##.#
+.......<.'.@DT.....#
#.........#.##...#...#
##.......##3###.#.....#
##.....###.# .........
##...## #.# .##.....#
##+## #.##[ #...##
#.##. ..## ..... ##


You could see a 13-headed hydra, a troll and a friendly ynoxinul.

Vanquished Creatures
  A vault guard (D:14)
  2 centaur warriors
  2 hill giants
  Pikel (D:5)
  3 orc knights
  2 unseen horrors
  An orc sorcerer (D:14)
  Maurice (D:8)
  Joseph (D:8)
  A kobold demonologist (D:13)
  2 trolls
  A tengu conjurer (D:11)
  The ghost of Heskey the Skirmisher, an amateur DsFi (D:3)
  Grinder (D:3)
  12 yaks
  Sigmund (D:4)
  3 hogs (D:13)
  2 wyverns
  A hungry ghost (D:8)
  Menkaure (D:4)
  A soldier ant (D:13)
  A hippogriff (D:8)
  A water moccasin (D:8)
  A wolf (D:7)
  A phantom (D:8)
  3 orc warriors
  4 sky beasts
  3 ice beasts
  5 ogres
  6 centaurs
  A big kobold (D:10)
  Blork the orc (D:6)
  A gnoll sergeant (D:10)
  5 giant frogs
  5 scorpions
  15 killer bees
  5 wights (D:8)
  2 centaur zombies
  8 crimson imps
  3 jellies
  7 orc wizards
  3 quasits
  4 centaur skeletons
  6 orc priests
  4 giant frog skeletons
  5 iguanas
  5 worker ants
  12 hounds
  A hound zombie (D:11)
  2 worker ant zombies
  Robin (D:2)
  13 adders
  20 gnolls
  2 shadow imps
  2 oozes
  5 worms
  5 giant geckos
  46 orcs
  10 bats
  23 hobgoblins
  10 jackals
  6 quokkas
  9 giant cockroaches
  4 giant newts
  24 goblins
  A jackal zombie (D:7)
  25 kobolds
  A quokka zombie (D:9)
  7 rats
375 creatures vanquished.

Vanquished Creatures (others)
  Kirke (D:13)
  A slave (D:5)
2 creatures vanquished.

Grand Total: 377 creatures vanquished

Notes
Turn   | Place    | Note
--------------------------------------------------------------
     0 | D:1      | Heskey the Demonspawn Fighter began the quest for the Orb.
     0 | D:1      | Reached XP level 1. HP: 18/18 MP: 1/1
   260 | D:1      | Gained mutation: You have a pair of small horns on your head. [demonic ancestry]
   260 | D:1      | Reached XP level 2. HP: 9/24 MP: 2/2
   745 | D:1      | Gained mutation: When hurt, damage is shared between your health and your magic reserves. [demonic ancestry]
   745 | D:1      | Reached XP level 3. HP: 29/29 MP: 3/3
   775 | D:2      | Noticed Robin
   788 | D:2      | Killed Robin
   981 | D:2      | Gained mutation: You have large cloven feet. [demonic ancestry]
   981 | D:2      | Reached XP level 4. HP: 20/37 MP: 4/4
  1193 | D:2      | Reached skill level 4 in Fighting
  1888 | D:3      | Noticed a giant frog
  1897 | D:3      | Killed a giant frog
  1897 | D:3      | Gained mutation: You have a pair of horns on your head. [demonic ancestry]
  1897 | D:3      | Reached XP level 5. HP: 35/42 MP: 5/5
  1976 | D:3      | Noticed Heskey's ghost (amateur DsFi)
  2248 | D:3      | Killed Heskey's ghost
  2248 | D:3      | Reached skill level 5 in Fighting
  2248 | D:3      | Gained mutation: You regenerate a little health from kills. [demonic ancestry]
  2248 | D:3      | Reached XP level 6. HP: 17/51 MP: 2/6
  2635 | D:3      | Found a radiant altar of Vehumet.
  3215 | D:4      | Noticed Menkaure
  3215 | D:4      | Noticed Grinder
  3241 | D:3      | Gained mutation: You have a pair of large horns on your head. [potion of mutation]
  3241 | D:3      | Gained mutation: You tend to lose your temper in combat. [potion of mutation]
  3241 | D:3      | Gained mutation: Your magical capacity is low (-10% MP). [potion of mutation]
  3244 | D:3      | Killed Grinder
  3244 | D:3      | Reached XP level 7. HP: 6/57 MP: 1/6
  3595 | D:4      | Killed Menkaure
  3595 | D:4      | Reached skill level 6 in Fighting
  4065 | D:4      | Found a stormy altar of Qazlal.
  4147 | D:4      | Noticed Sigmund
  4158 | D:4      | Killed Sigmund
  4158 | D:4      | Reached XP level 8. HP: 58/65 MP: 5/7
  4241 | D:4      | Found a blossoming altar of Fedhas.
  4295 | D:5      | Entered Level 5 of the Dungeon
  4377 | D:5      | Reached skill level 5 in Armour
  4385 | D:5      | Reached skill level 7 in Fighting
  4504 | D:5      | Found Bezurevuu's Weapon Shop.
  4505 | D:5      | Noticed Pikel
  4526 | D:5      | Reached skill level 5 in Shields
  4590 | D:5      | Killed Pikel
  4590 | D:5      | Reached skill level 5 in Axes
  4643 | D:5      | Bought a +2 vampiric war axe for 315 gold pieces
  4730 | D:5      | Found a staircase to the Ecumenical Temple.
  4977 | Temple   | Entered the Ecumenical Temple
  4984 | Temple   | Became a worshipper of Makhleb the Destroyer
  5056 | D:6      | Reached skill level 8 in Fighting
  5056 | D:6      | Gained mutation: You regenerate health from kills. [demonic ancestry]
  5056 | D:6      | Reached XP level 9. HP: 74/74 MP: 8/8
  5177 | D:6      | Noticed Blork the orc
  5183 | D:6      | Killed Blork the orc
  5493 | D:6      | Found a shimmering altar of Xom.
  5494 | D:6      | Found a shimmering altar of Xom.
  5498 | D:6      | Found a shimmering altar of Xom.
  5499 | D:6      | Found a shimmering altar of Xom.
  5501 | D:6      | Found a shimmering altar of Xom.
  5503 | D:6      | Found a shimmering altar of Xom.
  5619 | D:6      | Reached * piety under Makhleb
  5964 | D:7      | Found a shattered altar of Ashenzari.
  5991 | D:7      | Found a shadowy altar of Dithmenos.
  6058 | D:7      | Found Vebbas's Magic Scroll Shoppe.
  6544 | D:8      | Noticed Joseph
  6545 | D:8      | Noticed Maurice
  6891 | D:7      | Reached skill level 9 in Fighting
  7170 | D:8      | Killed Joseph
  7223 | D:8      | Gained mutation: You have sharp fingernails. [demonic ancestry]
  7223 | D:8      | Reached XP level 10. HP: 83/83 MP: 6/9
  7252 | D:8      | Found a staircase to the Lair.
  7310 | D:8      | Reached ** piety under Makhleb
  7403 | D:8      | Killed Maurice
  7403 | D:8      | Reached skill level 10 in Fighting
  8035 | Lair:1   | Entered Level 1 of the Lair of Beasts
  8449 | D:9      | Reached *** piety under Makhleb
  8486 | D:9      | Found a deep blue altar of Sif Muna.
  8713 | D:10     | Entered Level 10 of the Dungeon
  8724 | D:10     | Found a staircase to the Orcish Mines.
  8785 | D:10     | Found Jock's Jewellery Boutique.
  9043 | D:10     | Noticed a hill giant
  9058 | D:10     | Killed a hill giant
  9058 | D:10     | Reached skill level 11 in Fighting
  9059 | D:10     | Mutation became permanent: You have a pair of large horns on your head. [demonic ancestry]
  9059 | D:10     | Reached XP level 11. HP: 93/93 MP: 3/9
  9117 | D:10     | Reached **** piety under Makhleb
  9587 | D:11     | Found a labyrinth entrance.
  9697 | D:11     | Noticed Shufflesack's ghost (journeyman DEWz)
 10391 | D:12     | Killed an unseen horror
 10431 | D:12     | Found Tejydo's Book Boutique.
 10490 | D:13     | Noticed a hill giant
 10499 | D:13     | Killed a hill giant
 10540 | D:13     | Reached ***** piety under Makhleb
 10669 | D:13     | Noticed a centaur warrior
 10685 | D:13     | Killed a centaur warrior
 10685 | D:13     | Reached skill level 12 in Fighting
 10949 | D:13     | Killed an unseen horror
 11009 | D:13     | Noticed Kirke
 11011 | D:13     | Noticed a lindwurm
 11021 | D:13     | Killed Kirke
 11021 | D:13     | Gained mutation: You have very sharp fingernails. [demonic ancestry]
 11021 | D:13     | Reached XP level 12. HP: 89/103 MP: 10/10
 11532 | D:14     | Noticed a centaur warrior
 11546 | D:14     | Killed a centaur warrior
 11577 | D:14     | Found a flagged portal.
 11598 | Bailey   | Entered a bailey
 11778 | Bailey   | Reached skill level 10 in Axes
 11993 | D:14     | Noticed a vault guard
 12004 | D:14     | Noticed a vault guard
 12017 | D:14     | Found a gate to the Vaults.
 12296 | D:14     | Gained mutation: Your mind is acute. (Int +2) [potion of beneficial mutation]
 12310 | D:14     | Killed a vault guard
 12310 | D:14     | Reached skill level 13 in Fighting
 12387 | D:14     | Noticed a six-headed hydra
 12403 | D:14     | Slain by a 13-headed hydra

Action                   |  1- 3 |  4- 6 |  7- 9 | 10-12 || total
-------------------------+-------+-------+-------+-------++-------
Melee: War axe           |    92 |   205 |   324 |   815 ||  1436
Throw: Javelin           |       |       |       |     1 ||     1
Invok: Lesser Servant of |       |       |       |     3 ||     3
  Use: Potion            |       |     6 |     2 |    14 ||    22
       Scroll            |       |       |     8 |     3 ||    11
  Eat: Chunk             |       |     4 |     9 |    12 ||    25
       Meat ration       |       |     1 |     1 |     2 ||     4
       Bread ration      |       |       |     2 |       ||     2
       Fruit             |       |       |       |     1 ||     1
       Pizza             |       |       |       |     1 ||     1
